 Dungeon Crawl Stone Soup version 0.32-a0-42-ga30500b4d3 (webtiles) character file.

Game seed: 15701229245756417729

13155 Dirtsage the Mimic (level 12, -1/82 HPs)
             Began as an Octopode Shapeshifter on Jan 27, 2024.
             Was a Priest of the Shining One.
             Killed from afar by an acid dragon (8 damage)
             ... with a splash of acid
             ... on level 11 of the Dungeon on Feb 2, 2024.
             The game lasted 00:21:18 (9779 turns).

Dirtsage the Mimic (Octopode Shapeshifter)          Turns: 9779, Time: 00:21:19

Health: -1/82      AC:  1    Str: 15    XL:     12   Next: 3%
Magic:  26/26      EV: 24    Int: 12    God:    the Shining One [***...]
Gold:   1285       SH:  9    Dex: 21    Spells: 11/11 levels left

rFire   + .          .
                       - Unarmed
rCold   x . .        (no shield)
rNeg    + . .        (helmet restricted)
rPois   .            s - amulet of faith
rElec   .            k - +5 ring of evasion
rCorr   +            x - ring of magical power
SInv    .            J - ring of fire
Will    .....        d - +6 ring of dexterity
Stlth   +            C - ring of resist corrosion
HPRegen 0.33/turn    (no ring)
MPRegen 0.20/turn    (no ring)
                     (no ring)

%: faith
@: divinely shielded, maw-form, glowing
A: devouring maw, almost no armour, amphibious, 8 rings, camouflage 1,
gelatinous body 1, (nimble swimmer 1), tentacles
a: Begin Untransformation, Renounce Religion, Divine Shield, Cleansing Flame


You were on level 11 of the Dungeon.
You worshipped the Shining One.
The Shining One was most pleased with you.
You were a creature with a mouth for a stomach.
You visited 2 branches of the dungeon, and saw 12 of its levels.
You also visited: Bailey.

You collected 1285 gold pieces.

Inventory:

Armour
 S - a +2 hat
Magical Staves
 z - a staff of death
 U - a staff of alchemy
 V - a staff of earth
Jewellery
 d - a +6 ring of dexterity (on tentacle)
 k - a +5 ring of evasion (left tentacle)
 s - an amulet of faith (around mantle)
 x - a ring of magical power (right tentacle)
 y - an amulet of magic regeneration
 C - a ring of resist corrosion (on tentacle)
 J - a ring of fire (on tentacle)
Talismans
 b - a beast talisman
 c - a flux talisman
 o - a maw talisman (active)
 F - a maw talisman (active)
Wands
 D - a wand of digging (5)
 H - a wand of iceblast (5)
 M - a wand of paralysis (2)
 W - a wand of acid (4)
Scrolls
 f - a scroll of silence
 g - 2 scrolls of fear
 i - a scroll of identify
 m - 2 scrolls of vulnerability
 n - a scroll of butterflies
 q - a scroll of poison
 r - a scroll of fog
 t - 4 scrolls of teleportation
 u - 6 scrolls of enchant weapon
 w - a scroll of immolation
 B - a scroll of torment
 K - a scroll of amnesia {unknown}
 L - a scroll of enchant armour
 N - a scroll of noise {unknown}
 P - a scroll of acquirement {unknown}
Potions
 a - 2 potions of lignification
 e - 2 potions of curing {unknown}
 h - 2 potions of haste
 j - 5 potions of brilliance {unknown}
 l - 2 potions of heal wounds
 p - a potion of cancellation
 v - a potion of berserk rage
 A - 9 potions of enlightenment
 E - a potion of magic
 I - 2 potions of mutation {unknown}
 O - 2 potions of degeneration
 Q - 2 potions of invisibility {unknown}
 R - a potion of ambrosia {unknown}
 T - a potion of attraction {unknown}


   Skills:
 + Level 8.0 Fighting
 + Level 8.3 Dodging
 + Level 8.5 Unarmed Combat
 + Level 7.0 Invocations
 * Level 10.9 Shapeshifting


You had 11 spell levels left.
You didn't know any spells.
Your spell library contained the following spells:

 Spells                   Type           Power      Damage    Failure   Level
 Apportation              Tloc           0%         N/A       32%         1
 Magic Dart               Conj           0%         1d3       32%         1
 Sting                    Conj/Alch      0%         1d3       32%         1
 Blink                    Tloc           0%         N/A       45%         2
 Call Imp                 Summ           0%         N/A       45%         2
 Cigotuvi's Dreadful Rot  Necr/Alch/Air  0%         N/A       45%         2
 Ensorcelled Hibernation  Hex/Ice        0%         N/A       45%         2
 Jinxbite                 Hex            0%         N/A       45%         2
 Mercury Vapours          Alch/Air       0%         N/A       45%         2
 Call Canine Familiar     Summ           0%         N/A       69%         3
 Frozen Ramparts          Ice            0%         1d1       69%         3
 Fugue of the Fallen      Necr           0%         N/A       69%         3
 Sigil of Binding         Hex            0%         N/A       69%         3
 Anguish                  Hex/Necr       0%         N/A       97%         4
 Dimensional Bullseye     Hex/Tloc       0%         N/A       97%         4
 Ignite Poison            Fire/Alch      0%         N/A       97%         4
 Leda's Liquefaction      Alch/Erth      0%         N/A       97%         4
 Olgreb's Toxic Radiance  Alch           0%         N/A       97%         4
 Petrify                  Alch/Erth      0%         N/A       97%         4
 Alistair's Intoxication  Alch           0%         N/A       100%        5
 Freezing Cloud           Conj/Ice/Air   0%         6-21      100%        5
 Metabolic Englaciation   Hex/Ice        0%         N/A       100%        5


Dungeon Overview and Level Annotations

Branches:
Dungeon (11/15)            Temple (1/1) D:5            Lair (0/5) D:8
    Orc (0/2) D:10         Bailey (visited)

Altars:
Ashenzari
Cheibriados
Dithmenos
Elyvilon
Fedhas
Gozag
Hepliaklqana
Kikubaaqudgha
Makhleb
Nemelex Xobeh
Okawaru
Qazlal
Ru
Sif Muna
Trog
Uskayaw
Vehumet
Wu Jian
Xom
Yredelemnul
Zin
The Shining One

Shops:
D:10 (

Annotations:
D:10 1 runed translucent door, Torious's ghost, journeyman DECj


Innate Abilities, Weirdness & Mutations

You are a creature with a mouth for a stomach.
Your midsection houses a second, enormous mouth.
You cannot wear most types of armour.
You are amphibious.
You can wear up to eight rings at the same time.
Your skin changes colour to match your surroundings (Stealth+).
Your rubbery body absorbs attacks. (AC +1, EV +1)
((You are camouflaged when in or above water. (Stealth+)))
You have tentacles for arms and can constrict up to eight enemies at once.


Message History

The boulder beetle leaps!
Aiming: Corrosive Bolt
Press: ? - help, Shift-Dir - straight line, f - you, p - boulder beetle
Okay, then.
Unknown command.
The boulder beetle curls into a ball and begins rolling!
Aiming: Iceblast
Press: ? - help, Shift-Dir - straight line, p - boulder beetle The mass of ice explodes!
The iceblast engulfs the boulder beetle!
The boulder beetle is almost dead.
Aiming: Corrosive Bolt
Press: ? - help, Shift-Dir - straight line, f - boulder beetle
Aim: a boulder beetle (almost dead, rolling, 100% to hit)
The bolt of acid hits the boulder beetle!
The acid corrodes the boulder beetle!
The boulder beetle is almost dead.
Aiming: Iceblast
Press: ? - help, Shift-Dir - straight line, f/p - boulder beetle
Aim: a boulder beetle (almost dead, rolling, covered in acid, haloed)
The mass of ice explodes!
The iceblast engulfs the boulder beetle!
You kill the boulder beetle!
You hear a roar!
Your Invocations skill increases to level 7!
You have reached level 12!
You regained 2 hp, and now have 17/82 hp.
MP restored: 26 A troll comes into view.
An acid dragon comes into view.
The acid dragon spits acid at you. The splash of acid hits you! You resist.
* * * LOW HITPOINT WARNING * * *
You take 14 damage, and have 5/82 hp.
The acid dragon spits acid at you. The splash of acid misses you.
The troll shouts!
You hear a shout!
The acid dragon spits acid at you. The splash of acid hits you! You resist.
You die...

######...##################
.....(............<.......#
..........................#
........T.................#
............D.............#
...................<......#
...................[......#
................W.........#
..........................#
..†.......................#
..........................#
############..............#
#..............#
#..............#
#..............#
#..............#


You could see an acid dragon (catching breath).

Vanquished Creatures
  Gastronok (D:9)
  2 boulder beetles
  Erica (D:9)
  A two-headed ogre (D:9)
  An orc knight (Bailey)
  The ghost of arrururu the Trooper, a novice TrGl of Qazlal (D:5)
  A cyclops (D:11)
  2 rust devils (D:9)
  A gargoyle (D:10)
  A smoke demon (D:9)
  An unseen horror (D:10)
  A troll (D:8)
  A hornet (D:9)
  4 yaks (D:8)
  Eustachio (D:5)
  3 wyverns
  A basilisk (D:8)
  5 vampire mosquitoes
  2 steam dragons
  3 water moccasins (D:8)
  2 sky beasts (D:6)
  An ice beast (D:7)
  2 black bears (D:5)
  15 orc warriors
  An ogre (D:5)
  A centaur (D:8)
  A phantom (D:6)
  4 bullfrogs
  3 kobold brigands
  A gnoll sergeant (D:5)
  3 scorpions
  5 killer bees (D:9)
  7 howler monkeys
  3 bombardier beetles
  4 quasits (D:5)
  A jelly (D:8)
  5 orc priests
  2 hounds (D:5)
  An iguana (D:7)
  10 orc wizards
  14 gnolls
  8 adders
  A shadow imp (D:6)
  2 white imps (D:7)
  2 ufetubi (D:6)
  A ribbon worm (D:5)
  2 dart slugs
  47 orcs
  6 endoplasms
  2 giant cockroaches
  5 goblins
  12 hobgoblins
  27 kobolds
  4 quokkas
  5 ball pythons
  3 bats
  3 frilled lizards
  4 rats
254 creatures vanquished.

Notes
Turn   | Place    | Note
-------+----------+-------------------------------------------
     0 | D:1      | Dirtsage the Octopode Shapeshifter began the quest for the
                  | Orb.
     0 | D:1      | Reached XP level 1. HP: 13/13 MP: 1/1
    88 | D:1      | Reached XP level 2. HP: 18/18 MP: 2/2
   379 | D:1      | Found a faded altar of an unknown god.
   613 | D:2      | Reached XP level 3. HP: 15/23 MP: 3/3
  1027 | D:2      | Found a shimmering altar of Xom.
  1190 | D:3      | Reached XP level 4. HP: 27/29 MP: 4/4
  1427 | D:3      | Reached skill level 4 in Shapeshifting
  1505 | D:3      | Reached XP level 5. HP: 34/34 MP: 5/5
  2189 | D:4      | Found an iron altar of Okawaru.
  2196 | D:4      | Reached XP level 6. HP: 38/41 MP: 6/6
  2592 | D:5      | Entered Level 5 of the Dungeon
  2593 | D:5      | Noticed Eustachio
  2612 | D:5      | Killed Eustachio
  2613 | D:5      | Reached skill level 5 in Shapeshifting
  2613 | D:5      | Reached XP level 7. HP: 40/46 MP: 7/7
  2647 | D:5      | Found a shimmering blue altar of Sif Muna.
  2647 | D:5      | Found a radiant altar of Vehumet.
  2648 | D:5      | Found a shadowy altar of Dithmenos.
  2722 | D:5      | Found a snail-covered altar of Cheibriados.
  2836 | D:5      | Found a staircase to the Ecumenical Temple.
  2845 | Temple   | Entered the Ecumenical Temple
  2876 | Temple   | Became a worshipper of the Shining One
  3020 | D:5      | Reached XP level 8. HP: 54/54 MP: 8/8
  3025 | D:5      | Reached skill level 6 in Shapeshifting
  3032 | D:5      | Found a transporter.
  3035 | D:5      | Noticed arrururu's ghost (novice TrGl)
  3079 | D:5      | Reached skill level 5 in Unarmed Combat
  3080 | D:5      | Found a white marble altar of Elyvilon.
  3160 | D:5      | Found a transporter.
  3203 | D:5      | Found a broken altar of Ashenzari.
  3595 | D:6      | Reached * piety under the Shining One
  3831 | D:6      | Identified the +3 dagger "Civom" {protect, Will+}
  4091 | D:6      | Found a glowing silver altar of Zin.
  4152 | D:6      | Reached skill level 1 in Invocations
  4371 | D:7      | Found an ancient bone altar of Kikubaaqudgha.
  4489 | D:7      | Reached skill level 5 in Dodging
  4577 | D:7      | Reached skill level 7 in Shapeshifting
  4711 | D:7      | Reached XP level 9. HP: 59/59 MP: 10/10
  4923 | D:8      | Noticed a troll
  4940 | D:8      | Killed a troll
  4941 | D:8      | Reached skill level 5 in Fighting
  5133 | D:8      | Reached skill level 8 in Shapeshifting
  5152 | D:8      | Reached XP level 10. HP: 29/68 MP: 13/13
  5390 | D:8      | Found a staircase to the Lair.
  6129 | D:5      | Killed arrururu's ghost
  6294 | D:9      | Reached skill level 9 in Shapeshifting
  6394 | D:9      | Reached skill level 5 in Invocations
  6692 | D:9      | Reached ** piety under the Shining One
  6878 | D:9      | Noticed a two-headed ogre
  6889 | D:9      | Killed a two-headed ogre
  6948 | D:9      | Noticed Erica
  6960 | D:9      | Killed Erica
  6969 | D:9      | Found a flagged portal.
  6977 | D:9      | Reached XP level 11. HP: 74/74 MP: 15/15
  6985 | Bailey   | Entered a bailey
  6994 | Bailey   | Noticed an orc knight
  7046 | Bailey   | Identified the +2 robe "Astrihem" {rCorr}
  7241 | Bailey   | Killed an orc knight
  7436 | D:9      | Noticed Gastronok
  7461 | D:9      | Reached skill level 10 in Shapeshifting
  7681 | D:9      | Killed Gastronok
  8204 | D:10     | Entered Level 10 of the Dungeon
  8362 | D:10     | Found Vueku's Weapon Boutique.
  8538 | D:10     | Noticed a boulder beetle
  8548 | D:10     | Killed a boulder beetle
  8926 | D:10     | Found a hide-covered altar of Uskayaw.
  9093 | D:10     | Found a staircase to the Orcish Mines.
  9263 | D:10     | Found a runed translucent door.
  9263 | D:10     | Noticed Torious's ghost (journeyman DECj)
  9545 | D:11     | Noticed a cyclops
  9633 | D:11     | Killed a cyclops
  9734 | D:11     | Noticed a boulder beetle
  9734 | D:11     | Reached *** piety under the Shining One
  9762 | D:11     | Killed a boulder beetle
  9763 | D:11     | Reached XP level 12. HP: 17/82 MP: 17/17
  9779 | D:11     | Killed from afar by an acid dragon

Illustrated notes

Levels and vault maps discovered:
D:1:      amcnicky_arrival_underground_garden, layout_basic,
          shapermc_ecumenical_altar_mp_ritualfount, minmay_misc_feat_ornament,
          dreamdust_princess_corridor, dreamdust_wishing_well
D:2:      layout_rooms, basic_altar
D:3:      layout_basic, minivault_24
D:4:      layout_rooms, okawaru_altar_gauntlet_db, minmay_gold_behind_fungi
D:5:      layout_basic, kennysheep_mini, cheibrodos_ashenzari_chains,
          grunt_dithmenos_smoke, grunt_temple_overflow_open, temple_pool_b,
          gammafunk_ghost_stat_death, uniq_eustachio
D:6:      layout_gridville, mainiacjoe_overflow_24_doors, nrook_mini_vaults,
          serial_bayou_pond_d
D:7:      layout_cave_pools, lemuel_doored_altar, corexii_leaking_fountain
D:8:      layout_loops_cross, minmay_lair_entry_grove, minmay_misc_feat_pillars,
          minmay_misc_feat_alley
D:9:      layout_roguey, enter_bailey_4, hex_medium,
          nicolae_where_there's_smoke, uniq_erica, uniq_gastronok
D:10:     layout_roguey, nicolae_uskayaw_dance_hall, david_orc_5,
          ebering_ghost_inner_flame, serial_shops, nicolae_shop_stone
D:11:     layout_long_grid, serial_glass, glass_columns_b, glass_columns_b,
          minmay_between
Temple:   chequers_temple_sunken

Skill      XL: |  1  2  3  4  5  6  7  8  9 10 11 |
---------------+----------------------------------+-----
Fighting       | 2 3 4 5 6 8 |  8.0
Shapeshifting  | 4 5 7 8 9 10 | 10.9
Dodging        | 3 4 5 6 7 8 |  8.3
Unarmed Combat | 4 5 6 7 8 |  8.5
Invocations    | 2 4 5 7 |  7.0

Action                     |  1- 3 |  4- 6 |  7- 9 | 10-12 || total
---------------------------+-------+-------+-------+-------++-------
  Melee: Unarmed           |    46 |   109 |   202 |   383 ||   740
         Tentacles         |    13 |    24 |    55 |   133 ||   225
         Constrict         |    11 |    31 |    38 |    91 ||   171
         Punch             |     1 |     3 |     3 |     5 ||    12
         Maw               |       |       |       |    33 ||    33
  Throw: Dart              |       |       |       |     1 ||     1
 Invoke: Divine Shield     |       |       |     1 |     5 ||     6
  Evoke: Wand              |       |       |       |     9 ||     9
    Use: Scroll            |       |       |       |    17 ||    17
         Potion            |       |       |       |     3 ||     3
   Stab: Sleeping          |     2 |     2 |       |       ||     4
 Armour: Skin              |    14 |    20 |    44 |    95 ||   173
  Dodge: Dodged            |    24 |    74 |   172 |   353 ||   623
  Block: Other             |       |       |     9 |    26 ||    35
   Form: Flux              |       |       |     1 |       ||     1
         Maw               |       |       |       |     1 ||     1

Table legend: (Time is in decaauts)
 A = Elapsed time spent in this place.
 B = Non-inter-level travel time spent in this place.
 C = Inter-level travel time spent in this place.
 D = Time resting spent in this place.
 E = Time spent auto-exploring this place.
 F = Levels seen in this place.
 G = Mean time per level.
                   A        B        C        D        E       F      G
               +--------+--------+--------+--------+--------+-----+--------+
         Total |   9719 |   9255 |    464 |    215 |   7233 |  13 |  747.6 |
       Dungeon |   9273 |   8840 |    433 |    195 |   7017 |  11 |  843.0 |
        Temple |     57 |     26 |     31 |      0 |      0 |   1 |   57.0 |
        Bailey |    388 |    388 |      0 |     20 |    216 |   1 |  388.0 |
               +--------+--------+--------+--------+--------+-----+--------+

Top non-repeatable levels by time:
     D:9: 1565 daAuts
    D:10: 1369 daAuts
     D:8: 1139 daAuts
     D:5: 976 daAuts
     D:6: 869 daAuts
     D:4: 787 daAuts
     D:3: 723 daAuts
     D:7: 588 daAuts
     D:2: 551 daAuts
     D:1: 518 daAuts
  Bailey: 388 daAuts
    D:11: 182 daAuts
  Temple: 57 daAuts
